TOP OF THE 1ST |
New Hampshire Fisher Cats batting - Pitching for Northwest Arkansas Naturals : RHP Phil Kellum
|
Pitching: RHP Phil Kellum
|
|
Batting: RHB Tokuji Kawabata
|
0-0: Ball 1-0: Ball 2-0: Called Strike 2-1: Ball 3-1: Swinging Strike 3-2: Base on Balls
|
Batting: RHB Stephen Casteel
|
0-0: Ball 1-0: Called Strike 1-1: Fielders Choice at 2nd, 4-6 (Groundball, 34, EV 82.5 MPH)
|
Batting: RHB Raul de la Cruz
|
0-0: Ball Stephen Casteel steals 2nd base 1-0: Foul Ball, location: 2F 1-1: Ball 2-1: Called Strike 2-2: Strikes out looking
|
Batting: SHB Gregg Whitecotton
|
0-0: Called Strike 0-1: Ball 1-1: Called Strike 1-2: Strikes out swinging
|
Top of the 1st over - 0 runs, 0 hits, 0 errors, 1 left on base; New Hampshire 0 - Northwest Arkansas 0 |
BOTTOM OF THE 1ST |
Northwest Arkansas Naturals batting - Pitching for New Hampshire Fisher Cats : RHP Robby Granados
|
Pitching: RHP Robby Granados
|
|
Batting: RHB Kevin Allen
|
0-0: Ball 1-0: Ground out 6-3 (Groundball, 56, EV 82.5 MPH)
|
Batting: RHB Mike Bearden
|
0-0: Ground out 4-3 (Groundball, 4, EV 105.6 MPH)
|
Batting: RHB Phil Hamby
|
0-0: Foul Ball, location: 2F 0-1: Ball 1-1: Ball 2-1: Ball 3-1: SOLO HOME RUN (Flyball, 7D, EV 96.2 MPH), Distance : 388 ft
|
Batting: RHB Nick Julien
|
0-0: Ball 1-0: Foul Ball, location: 2F 1-1: Called Strike 1-2: Foul Ball, location: 2F 1-2: DOUBLE (Flyball, 9LD, EV 107.5 MPH)
|
Batting: RHB Carlos Almada
|
0-0: Ball 1-0: Foul Ball, location: 2F 1-1: Called Strike 1-2: SINGLE (Groundball, 56D, EV 111.2 MPH) Nick Julien to third Runner from 3rd tries for Home, SAFE, throw by LF to home
|
Batting: RHB Jon Griffin
|
0-0: Ball 1-0: Ball Carlos Almada is caught stealing 2nd base 2-4
|
Bottom of the 1st over - 2 runs, 3 hits, 0 errors, 0 left on base; New Hampshire 0 - Northwest Arkansas 2 |
TOP OF THE 2ND |
New Hampshire Fisher Cats batting - Pitching for Northwest Arkansas Naturals : RHP Phil Kellum
|
Batting: LHB Gabe Pace
|
0-0: Called Strike 0-1: Fly out, F8 (Flyball, 8LD, EV 98.8 MPH)
|
Batting: RHB John Hering
|
0-0: Ball 1-0: Called Strike 1-1: Foul Ball, location: 2F 1-2: Ground out 5-3 (Groundball, 56, EV 86.2 MPH)
|
Batting: RHB Marcos Villalobos
|
0-0: Ball 1-0: Foul Ball, location: 2F 1-1: Foul Ball, location: 2F 1-2: Foul Ball, location: 2F 1-2: Ball 2-2: Fly out, F5 (Line Drive, 56, EV 66.9 MPH)
|
Top of the 2nd over - 0 runs, 0 hits, 0 errors, 0 left on base; New Hampshire 0 - Northwest Arkansas 2 |
BOTTOM OF THE 2ND |
Northwest Arkansas Naturals batting - Pitching for New Hampshire Fisher Cats : RHP Robby Granados
|
Batting: RHB Jon Griffin
|
0-0: Foul Ball, location: 2F 0-1: Ball 1-1: Ground out 5-3 (Groundball, 5, EV 101.2 MPH)
|
Batting: RHB Edwin Ramos
|
0-0: SINGLE (Flyball, 8RS, EV 97.5 MPH)
|
Batting: LHB Joe Cozart
|
0-0: Foul Ball, location: 2F 0-1: Ball 1-1: Foul Ball, location: 2F 1-2: Foul Ball, location: 2F 1-2: Ball 2-2: Fly out, F8 (Flyball, 8RD, EV 105.0 MPH)
|
Batting: SHB Danny Ballenger
|
0-0: Ball 1-0: Called Strike 1-1: Foul Ball, location: 2F 1-2: Foul Ball, location: 2F 1-2: Ball 2-2: Ball 3-2: Ground out 5-3 (Groundball, 5L, EV 101.9 MPH)
|
Bottom of the 2nd over - 0 runs, 1 hit, 0 errors, 1 left on base; New Hampshire 0 - Northwest Arkansas 2 |
TOP OF THE 3RD |
New Hampshire Fisher Cats batting - Pitching for Northwest Arkansas Naturals : RHP Phil Kellum
|
Batting: RHB Kirk Seiffert
|
0-0: Ground out 6-3 (Groundball, 6, EV 93.8 MPH)
|
Batting: RHB Justin Powell
|
0-0: Called Strike 0-1: Called Strike 0-2: Ball 1-2: Ball 2-2: Strikes out swinging, 2-3 out at first.
|
Batting: RHB Tokuji Kawabata
|
0-0: Called Strike 0-1: Foul Ball, location: 2F 0-2: Ball 1-2: Ball 2-2: Foul Ball, location: 2F 2-2: Strikes out swinging
|
Top of the 3rd over - 0 runs, 0 hits, 0 errors, 0 left on base; New Hampshire 0 - Northwest Arkansas 2 |
BOTTOM OF THE 3RD |
Northwest Arkansas Naturals batting - Pitching for New Hampshire Fisher Cats : RHP Robby Granados
|
Batting: RHB Kevin Allen
|
0-0: Ball 1-0: Foul Ball, location: 2F 1-1: Ball 2-1: Called Strike 2-2: Foul Ball, location: 2F 2-2: Ball 3-2: TRIPLE (Line Drive, 78XD, EV 108.1 MPH)
|
Batting: RHB Mike Bearden
|
0-0: Ball 1-0: Fly out, F9 (Line Drive, 9, EV 93.1 MPH)
|
Batting: RHB Phil Hamby
|
0-0: Swinging Strike Passed Ball! Kevin Allen scores 0-1: Ball 1-1: Foul Ball, location: 2F 1-2: Strikes out swinging
|
Batting: RHB Nick Julien
|
0-0: Foul Ball, location: 2F 0-1: SINGLE (Line Drive, 34D, EV 106.2 MPH)
|
Batting: RHB Carlos Almada
|
0-0: Ball 1-0: Fly out, F8 (Flyball, 8RD, EV 98.1 MPH)
|
Bottom of the 3rd over - 1 run, 2 hits, 0 errors, 1 left on base; New Hampshire 0 - Northwest Arkansas 3 |
TOP OF THE 4TH |
New Hampshire Fisher Cats batting - Pitching for Northwest Arkansas Naturals : RHP Phil Kellum
|
Batting: RHB Stephen Casteel
|
0-0: DOUBLE (Line Drive, 8LD, EV 104.4 MPH)
|
Batting: RHB Raul de la Cruz
|
0-0: Ball 1-0: Ball 2-0: Ball 3-0: Called Strike 3-1: Base on Balls
|
Batting: SHB Gregg Whitecotton
|
0-0: Foul Ball, location: 2F 0-1: Ball 1-1: Foul Ball, location: 2F 1-2: Ball 2-2: Foul Ball, location: 2F 2-2: Ball 3-2: Fielders Choice at 2nd, 4-6 (Groundball, 4, EV 108.8 MPH) Stephen Casteel to third
|
Batting: LHB Gabe Pace
|
0-0: Hit by Pitch Gregg Whitecotton to second
|
Batting: RHB John Hering
|
0-0: Foul Ball, location: 2F 0-1: Foul Ball, location: 2F 0-2: Fielders Choice at 2nd, 3-6 (Groundball, 34S, EV 81.9 MPH) Stephen Casteel scores Gregg Whitecotton to third
|
Batting: RHB Marcos Villalobos
|
0-0: Ball 1-0: 3-RUN HOME RUN (Flyball, 9LD, EV 95.6 MPH), Distance : 358 ft
|
Batting: RHB Kirk Seiffert
|
0-0: Foul Ball, location: 2F 0-1: Ground out 6-3 (Groundball, 6, EV 97.5 MPH)
|
Top of the 4th over - 4 runs, 2 hits, 0 errors, 0 left on base; New Hampshire 4 - Northwest Arkansas 3 |
BOTTOM OF THE 4TH |
Northwest Arkansas Naturals batting - Pitching for New Hampshire Fisher Cats : RHP Robby Granados
|
Batting: RHB Jon Griffin
|
0-0: Ball 1-0: Ground out 1-3 (Groundball, 13S, EV 66.9 MPH)
|
Batting: RHB Edwin Ramos
|
0-0: SINGLE (Groundball, 56S, EV 66.9 MPH) (infield hit)
|
Batting: LHB Joe Cozart
|
0-0: Ball 1-0: Called Strike 1-1: Ball 2-1: SINGLE (Groundball, 4D, EV 105.6 MPH) Edwin Ramos to second Runner from 2nd tries for 3rd, SAFE, throw by CF made to third Joe Cozart to second
|
Batting: SHB Danny Ballenger
|
0-0: Swinging Strike 0-1: Called Strike 0-2: Ball 1-2: Strikes out looking
|
Batting: RHB Kevin Allen
|
0-0: Ball 1-0: Ball 2-0: Foul Ball, location: 2F 2-1: Foul Ball, location: 2F 2-2: Foul Ball, location: 2F 2-2: Strikes out looking
|
Bottom of the 4th over - 0 runs, 2 hits, 0 errors, 2 left on base; New Hampshire 4 - Northwest Arkansas 3 |
TOP OF THE 5TH |
New Hampshire Fisher Cats batting - Pitching for Northwest Arkansas Naturals : RHP Phil Kellum
|
Batting: RHB Justin Powell
|
0-0: Ball 1-0: Ball 2-0: Called Strike 2-1: Swinging Strike 2-2: Foul Ball, location: 2F 2-2: Ground out 6-3 (Groundball, 6, EV 83.1 MPH)
|
Batting: RHB Tokuji Kawabata
|
0-0: Ball 1-0: Swinging Strike 1-1: Foul Ball, location: 2F 1-2: Strikes out looking
|
Batting: RHB Stephen Casteel
|
0-0: Ball 1-0: Ground out 4-3 (Groundball, 4, EV 101.2 MPH)
|
Top of the 5th over - 0 runs, 0 hits, 0 errors, 0 left on base; New Hampshire 4 - Northwest Arkansas 3 |
BOTTOM OF THE 5TH |
Northwest Arkansas Naturals batting - Pitching for New Hampshire Fisher Cats : RHP Robby Granados
|
Batting: RHB Mike Bearden
|
0-0: Ball 1-0: Swinging Strike 1-1: Swinging Strike 1-2: Foul Ball, location: 2F 1-2: Strikes out swinging
|
Batting: RHB Phil Hamby
|
0-0: Swinging Strike 0-1: Ball 1-1: Fly out, F8 (Flyball, 8LXD, EV 106.2 MPH)
|
Batting: RHB Nick Julien
|
0-0: Ball 1-0: Ball 2-0: Called Strike 2-1: Foul Ball, location: 2F 2-2: Foul Ball, location: 2F 2-2: SINGLE (Line Drive, 7S, EV 97.5 MPH)
|
Batting: RHB Carlos Almada
|
0-0: Ground out 1-3 (Groundball, 13, EV 68.8 MPH)
|
Bottom of the 5th over - 0 runs, 1 hit, 0 errors, 1 left on base; New Hampshire 4 - Northwest Arkansas 3 |
TOP OF THE 6TH |
New Hampshire Fisher Cats batting - Pitching for Northwest Arkansas Naturals : RHP Phil Kellum
|
Batting: RHB Raul de la Cruz
|
0-0: Ball 1-0: Foul Ball, location: 2F 1-1: Fly out, F7 (Line Drive, 78M, EV 110.0 MPH)
|
Batting: SHB Gregg Whitecotton
|
0-0: Ball 1-0: Foul Ball, location: 2F 1-1: DOUBLE (Line Drive, 89M, EV 100.0 MPH)
|
Pitching: RHP Josh Rutledge
|
|
Batting: LHB Gabe Pace
|
0-0: Swinging Strike 0-1: Ball 1-1: Called Strike 1-2: Ball 2-2: Fly out, F4 (Line Drive, 4, EV 65.6 MPH)
|
Batting: RHB John Hering
|
0-0: Ball 1-0: Foul Ball, location: 2F 1-1: Ball 2-1: Foul Ball, location: 2F 2-2: Ground out 2-3 (Groundball, 2R, EV 69.4 MPH)
|
Top of the 6th over - 0 runs, 1 hit, 0 errors, 1 left on base; New Hampshire 4 - Northwest Arkansas 3 |
BOTTOM OF THE 6TH |
Northwest Arkansas Naturals batting - Pitching for New Hampshire Fisher Cats : RHP Robby Granados
|
Batting: RHB Jon Griffin
|
0-0: Ball 1-0: Called Strike 1-1: Foul Ball, location: 2F 1-2: Ball 2-2: Ground out U3 (Groundball, 34, EV 82.5 MPH)
|
Batting: RHB Edwin Ramos
|
0-0: Fly out, F8 (Flyball, 8RD, EV 89.4 MPH)
|
Batting: LHB Joe Cozart
|
0-0: Ball 1-0: Ball 2-0: Ball 3-0: Base on Balls
|
Batting: SHB Danny Ballenger
|
0-0: Ground out 4-3 (Groundball, 4, EV 105.6 MPH)
|
Bottom of the 6th over - 0 runs, 0 hits, 0 errors, 1 left on base; New Hampshire 4 - Northwest Arkansas 3 |
TOP OF THE 7TH |
New Hampshire Fisher Cats batting - Pitching for Northwest Arkansas Naturals : RHP Josh Rutledge
|
Pitching: LHP Walter Whiteman
|
|
Batting: RHB Marcos Villalobos
|
0-0: Called Strike 0-1: Called Strike 0-2: Ball 1-2: Foul Ball, location: 2F 1-2: Strikes out swinging
|
Batting: RHB Kirk Seiffert
|
0-0: Ball 1-0: Swinging Strike 1-1: Foul Ball, location: 2F 1-2: Foul Ball, location: 2F 1-2: Ball 2-2: Ball 3-2: Foul Ball, location: 2F 3-2: Strikes out looking
|
Batting: RHB Justin Powell
|
0-0: Ball 1-0: SINGLE (Groundball, 6MD, EV 101.9 MPH)
|
Batting: RHB Tokuji Kawabata
|
0-0: Ball 1-0: Foul Ball, location: 2F 1-1: Called Strike 1-2: Foul Ball, location: 2F 1-2: Ball 2-2: Foul Ball, location: 2F 2-2: Ball Justin Powell steals 2nd base 3-2: SINGLE (Groundball, 56D, EV 101.2 MPH) Justin Powell to third Runner from 3rd tries for Home, throw by LF and OUT! 7-2
|
Top of the 7th over - 0 runs, 2 hits, 0 errors, 1 left on base; New Hampshire 4 - Northwest Arkansas 3 |
BOTTOM OF THE 7TH |
Northwest Arkansas Naturals batting - Pitching for New Hampshire Fisher Cats : RHP Robby Granados
|
Batting: RHB Kevin Allen
|
0-0: Swinging Strike 0-1: Called Strike 0-2: SINGLE (Groundball, 34D, EV 105.0 MPH)
|
Pinch Hitting: LHB Danny Pacheco
|
0-0: Foul Ball, location: 2F 0-1: Fielders Choice at 2nd, 4-6 (Groundball, 4, EV 81.2 MPH)
|
Pitching: LHP Bryan Reynolds
|
|
Batting: RHB Phil Hamby
|
0-0: Ball 1-0: Grounds into double play, 5-4-3 (Groundball, 56S, EV 80.6 MPH)
|
Bottom of the 7th over - 0 runs, 1 hit, 0 errors, 0 left on base; New Hampshire 4 - Northwest Arkansas 3 |
TOP OF THE 8TH |
New Hampshire Fisher Cats batting - Pitching for Northwest Arkansas Naturals : LHP Walter Whiteman
|
Pitching: RHP Gary Ackerman
|
|
Now in LF: Danny Pacheco
|
|
Batting: RHB Stephen Casteel
|
0-0: Ground out 4-3 (Groundball, 4MD, EV 108.8 MPH)
|
Batting: RHB Raul de la Cruz
|
0-0: Foul Ball, location: 2F 0-1: Ball 1-1: Called Strike 1-2: Foul Ball, location: 2F 1-2: Foul Ball, location: 2F 1-2: Ball 2-2: Ball 3-2: Foul Ball, location: 2F 3-2: Foul Ball, location: 2F 3-2: SINGLE (Line Drive, 9LS, EV 105.6 MPH)
|
Batting: SHB Gregg Whitecotton
|
0-0: Called Strike 0-1: Foul Ball, location: 2F 0-2: Fly out, F8 (Flyball, 8LXD, EV 105.6 MPH)
|
Batting: LHB Gabe Pace
|
0-0: Foul Ball, location: 2F 0-1: Swinging Strike 0-2: Strikes out swinging
|
Top of the 8th over - 0 runs, 1 hit, 0 errors, 1 left on base; New Hampshire 4 - Northwest Arkansas 3 |
BOTTOM OF THE 8TH |
Northwest Arkansas Naturals batting - Pitching for New Hampshire Fisher Cats : LHP Bryan Reynolds
|
Batting: RHB Nick Julien
|
0-0: Called Strike 0-1: Foul Ball, location: 2F 0-2: Ball 1-2: Strikes out swinging
|
Batting: RHB Carlos Almada
|
0-0: SINGLE (Line Drive, 9LM, EV 100.0 MPH)
|
Batting: RHB Jon Griffin
|
0-0: Ball 1-0: Ball 2-0: Ball 3-0: Base on Balls Carlos Almada to second
|
Pitching: RHP Dan Korte
|
|
Batting: RHB Edwin Ramos
|
0-0: Called Strike 0-1: Called Strike 0-2: Strikes out swinging
|
Batting: LHB Joe Cozart
|
0-0: Ball 1-0: Called Strike 1-1: Called Strike 1-2: Ground out U3 (Groundball, 3, EV 98.1 MPH)
|
Bottom of the 8th over - 0 runs, 1 hit, 0 errors, 2 left on base; New Hampshire 4 - Northwest Arkansas 3 |
TOP OF THE 9TH |
New Hampshire Fisher Cats batting - Pitching for Northwest Arkansas Naturals : RHP Gary Ackerman
|
Pitching: RHP Bryan Kiefer
|
|
Batting: RHB John Hering
|
0-0: Ground out 5-3 (Groundball, 5, EV 100.0 MPH)
|
Batting: RHB Marcos Villalobos
|
0-0: Ball 1-0: Called Strike 1-1: Ground out U3 (Groundball, 34, EV 103.1 MPH)
|
Batting: RHB Kirk Seiffert
|
0-0: Called Strike 0-1: Ball 1-1: Ball 2-1: Foul Ball, location: 2F 2-2: Ball 3-2: Foul Ball, location: 2F 3-2: SINGLE (Flyball, 34D, EV 85.0 MPH)
|
Batting: RHB Justin Powell
|
0-0: Ball Kirk Seiffert steals 2nd, throwing error, E2 Kirk Seiffert to third 1-0: Ball 2-0: SINGLE (Groundball, 6, EV 99.4 MPH) Kirk Seiffert scores
|
Batting: RHB Tokuji Kawabata
|
0-0: Ball 1-0: Called Strike Justin Powell steals 2nd base (no throw) 1-1: Foul Ball, location: 2F 1-2: SINGLE (Groundball, 4D, EV 95.0 MPH) Justin Powell to third Runner from 3rd tries for Home, throw by RF and OUT! 9-2
|
Top of the 9th over - 1 run, 3 hits, 1 error, 1 left on base; New Hampshire 5 - Northwest Arkansas 3 |
BOTTOM OF THE 9TH |
Northwest Arkansas Naturals batting - Pitching for New Hampshire Fisher Cats : RHP Dan Korte
|
Pitching: LHP Nick Burnstein
|
|
Batting: SHB Danny Ballenger
|
0-0: Ball 1-0: Ball 2-0: Called Strike 2-1: SINGLE (Line Drive, 89S, EV 113.1 MPH)
|
Batting: RHB Kevin Allen
|
0-0: Ball 1-0: Ball 2-0: Fielders Choice at 2nd, 6-4 (Groundball, 6, EV 86.9 MPH)
|
Pinch Hitting: RHB Vance Coen
|
0-0: Swinging Strike 0-1: Ball 1-1: SINGLE (Groundball, 56D, EV 101.9 MPH) (infield hit) Kevin Allen to second
|
Batting: RHB Phil Hamby
|
0-0: Foul Ball, location: 2F 0-1: Called Strike 0-2: Ball 1-2: Grounds into double play, 4-6-3 (Groundball, 4, EV 101.2 MPH)
|
Bottom of the 9th over - 0 runs, 2 hits, 0 errors, 1 left on base; New Hampshire 5 - Northwest Arkansas 3 |
|